[Event "Titled Tuesday Blitz August 16 Late 2022"]
[White "Floresvillar Gonzalez, Luis Migu"]
[Black "Shapiro, Daniel"]
[WhiteFideId "5100542"]
[BlackFideId "2001780"]
[WhiteElo "2040"]
[BlackElo "2284"]
[Result "0-1"]
[Round "08"]
[TimeControl "180+1"]
[Date "2022.08.18"]
[WhiteClock "0:00:00"]
[BlackClock "0:00:00"]

1. e4 c5 2. d4 cxd4 3. c3 dxc3 4. Nxc3 e6 5. Nf3 a6 6. Bc4 b5 7. Bb3 Ne7 8. Bg5 f6 9. Be3 Ng6 10. O-O Bb7 11. Qe2 Be7 12. Rfd1 Qc7 13. Rac1 Nc6 14. Nd5 exd5 15. exd5 Kf8 16. d6 Bxd6 17. Rxd6 Re8 18. Qd2 Ke7 19. Bc5 Kd8 20. Bd5 Nge5 21. Nxe5 Rxe5 22. f4 Ree8 23. Qf2 Kc8 24. Bxc6 dxc6 25. Rcd1 Rd8 26. Rxd8+ Rxd8 27. Rxd8+ Qxd8 28. h3 Qd5 29. Kh2 Qxa2 30. Qf3 Qe6 31. f5 Qe5+ 32. Qg3 Qxc5 33. Qxg7 Qxf5 34. Qf8+ Kc7 35. Qf7+ Qd7 36. Qxf6 Qd6+ 37. Qxd6+ Kxd6 38. g4 a5 39. h4 a4 40. g5 Ke5 41. Kg3 Kf5 42. Kf3 b4 43. Ke3 a3 44. bxa3 bxa3 0-1


[Site "https://www.chess.com"]

[Event "Titled Tuesday Blitz August 16 Late 2022"]
[White "Gomez Ledo, Roberto Carlos"]
[Black "Kobo, Ori"]
[WhiteFideId "3507076"]
[BlackFideId "2812320"]
[WhiteElo "2379"]
[BlackElo "2420"]
[Result "0-1"]
[Round "08"]
[TimeControl "180+1"]
[Date "2022.08.16"]
[WhiteClock "0:00:06"]
[BlackClock "0:00:07"]

1. d4 d6 2. Bf4 Nf6 3. e3 g6 4. Nf3 Bg7 5. h3 O-O 6. Be2 Nfd7 7. O-O Nc6 8. Bh2 e5 9. c3 f5 10. a4 Qe7 11. Na3 Kh8 12. Nb5 Nf6 13. a5 a6 14. dxe5 dxe5 15. Na3 Rd8 16. Qa4 e4 17. Nd4 Ne5 18. Rfd1 Bd7 19. Qb3 c5 20. Ndc2 Be6 21. Nc4 Nd3 22. N2a3 Qf7 23. Qa4 g5 24. Bxd3 exd3 25. Ne5 Qg8 26. c4 d2 27. Qc2 g4 28. hxg4 fxg4 29. Rxd2 Rxd2 30. Qxd2 Rd8 31. Qe2 Ne4 32. Rd1 Rxd1+ 33. Qxd1 g3 34. Qh5 gxh2+ 35. Kxh2 Qb8 36. f4 Bxe5 37. fxe5 Qf8 38. b3 Qf7 39. Qh4 Qf5 40. Qd8+ Kg7 41. Qc7+ Qf7 42. Qd8 Qh5+ 43. Kg1 Qxe5 44. Nc2 Nf6 45. Qe7+ Kg6 46. Qxb7 Bf5 47. Ne1 Qxe3+ 48. Kf1 Ng4 49. Qc6+ Kh5 50. Qf3 Qxf3+ 51. Nxf3 Bc2 52. Nd2 Kg5 53. Ke2 Kf4 0-1


[Site "https://www.chess.com"]

[Event "Titled Tuesday Blitz August 16 Late 2022"]
[White "Goryachkina, Aleksandra"]
[Black "Pichot, Alan"]
[WhiteFideId "4147103"]
[BlackFideId "110973"]
[WhiteElo "2426"]
[BlackElo "2578"]
[Result "1-0"]
[Round "08"]
[TimeControl "180+1"]
[Date "2022.08.16"]
[WhiteClock "0:00:50"]
[BlackClock "0:00:35"]

1. e4 c5 2. Nf3 e6 3. c3 Nf6 4. e5 Nd5 5. Bc4 Nb6 6. Bb3 d6 7. exd6 c4 8. Bc2 Bxd6 9. O-O O-O 10. d4 N8d7 11. Bg5 Qc7 12. Nbd2 h6 13. Bh4 f5 14. Re1 Nf6 15. Bxf6 gxf6 16. b3 e5 17. bxc4 e4 18. c5 exf3 19. cxd6 Qxc3 20. Nxf3 Bd7 21. Bb3+ Kg7 22. Re7+ Kh8 23. Nh4 Be8 24. Nxf5 Bg6 25. Nh4 Bh7 26. Rc1 Qb2 27. Rcc7 Bb1 28. Bc2 Bxc2 29. Rxc2 Qb4 30. Rcc7 1-0


[Site "https://www.chess.com"]

[Event "Titled Tuesday Blitz August 16 Late 2022"]
[White "Graif, William"]
[Black "Thomforde-Toates, Noah"]
[WhiteFideId "2609835"]
[BlackFideId "30951992"]
[WhiteElo "1942"]
[BlackElo "2616"]
[Result "0-1"]
[Round "08"]
[TimeControl "180+1"]
[Date "2022.08.16"]
[WhiteClock "0:00:01"]
[BlackClock "0:00:19"]

1. d4 Nf6 2. Nc3 d6 3. e4 g6 4. Bf4 c6 5. Qd2 b5 6. f3 Nbd7 7. O-O-O Qc7 8. e5 b4 9. Ne4 Nxe4 10. fxe4 dxe5 11. dxe5 Qa5 12. e6 fxe6 13. Bc4 Bg7 14. Bxe6 Nc5 15. Bc4 Ba6 16. Bxa6 Qxa2 17. Qe3 Qxb2+ 18. Kd2 Qc3+ 19. Qxc3 Bxc3+ 20. Ke2 Nxa6 21. Nf3 Nc5 22. e5 O-O 23. Bd2 Ne4 24. Ke3 Nxd2 25. Nxd2 Bxe5 26. Nc4 Bf4+ 27. Ke4 Bg5 28. g3 Rad8 29. Ne5 Rxd1 30. Rxd1 c5 31. Rd7 Rc8 32. Rxa7 c4 33. Rb7 b3 34. cxb3 c3 35. Nd3 c2 36. h4 Bd2 37. Rxe7 Rc3 38. Re8+ Kf7 39. Rd8 Rxd3 0-1


[Site "https://www.chess.com"]

[Event "Titled Tuesday Blitz August 16 Late 2022"]
[White "Grischuk, Alexander"]
[Black "So, Wesley"]
[WhiteFideId "4126025"]
[BlackFideId "5202213"]
[WhiteElo "2762"]
[BlackElo "2763"]
[Result "1-0"]
[Round "08"]
[TimeControl "180+1"]
[Date "2022.08.16"]
[WhiteClock "0:00:13"]
[BlackClock "0:00:09"]

1. d4 d5 2. c4 dxc4 3. Nf3 Nf6 4. e3 e6 5. Bxc4 c5 6. O-O a6 7. Bb3 Nc6 8. Nc3 b5 9. dxc5 Qxd1 10. Rxd1 Bxc5 11. Bd2 Bb7 12. Rac1 Be7 13. Ne2 O-O 14. Ned4 Rac8 15. Nxc6 Bxc6 16. Nd4 Bb7 17. Rxc8 Rxc8 18. Nxe6 fxe6 19. Bxe6+ Kf8 20. Bxc8 Bxc8 21. Bb4 Ke8 22. Bxe7 Kxe7 23. f3 Be6 24. e4 g5 25. Kf2 a5 26. b3 Nd7 27. Ke3 a4 28. bxa4 bxa4 29. Rd4 Nc5 30. a3 Bb3 31. g3 Nd7 32. f4 Nb6 33. Kd3 gxf4 34. gxf4 Nd7 35. Rb4 Kd6 36. Kd4 Bc2 37. Rb5 Ke6 38. f5+ Ke7 39. Rb2 Bb3 40. e5 Nb6 41. Rg2 Nc4 42. Rg7+ Kf8 43. Rxh7 Nxa3 44. e6 Kg8 45. Rb7 Nc2+ 46. Ke5 Ne3 47. Rb8+ Kh7 48. e7 Ng4+ 49. Kf4 Nf6 50. e8=Q Nxe8 51. Rxe8 a3 52. Ra8 a2 53. Kg5 Kg7 54. Ra7+ 1-0


[Site "https://www.chess.com"]

[Event "Titled Tuesday Blitz August 16 Late 2022"]
[White "Gubajdullin, Alexei"]
[Black "Petrovic, Aleksa"]
[WhiteFideId "4141202"]
[BlackFideId "967629"]
[WhiteElo "2214"]
[BlackElo "2262"]
[Result "0-1"]
[Round "08"]
[TimeControl "180+1"]
[Date "2022.08.18"]
[WhiteClock "0:00:00"]
[BlackClock "0:00:00"]

1. Nf3 Nf6 2. c4 e6 3. g3 b6 4. Bg2 Bb7 5. O-O c5 6. Nc3 a6 7. b3 Be7 8. Bb2 O-O 9. e3 d6 10. Qe2 Nbd7 11. Ne1 Qb8 12. f4 Ra7 13. g4 Bxg2 14. Nxg2 Rb7 15. g5 Ne8 16. Rf3 f5 17. gxf6 Nexf6 18. Rg3 b5 19. d3 Qe8 20. Ne4 g6 21. Ng5 Bd8 22. Nh4 d5 23. Qg2 Nh5 24. Nxh7 Kxh7 25. Nxg6 Nxg3 26. Nxf8+ Qxf8 27. hxg3 Bf6 28. cxd5 Bxb2 29. dxe6 Rb6 30. Qh2+ Kg8 31. Qxb2 Rxe6 32. Qe2 Qg7 33. Kf2 Qxa1 34. Qg4+ Kf7 35. Qh5+ Ke7 36. Qh7+ Kd6 37. g4 Qxa2+ 38. Kf3 Qxb3 39. g5 Qd1+ 40. Kf2 Qd2+ 41. Kf1 Rxe3 42. Qg6+ Kc7 43. Qxa6 Re1# 0-1


[Site "https://www.chess.com"]

[Event "Titled Tuesday Blitz August 16 Late 2022"]
[White "Harvey, Marcus R"]
[Black "Yurovskykh, Oleksandr"]
[WhiteFideId "400092"]
[BlackFideId "14134020"]
[WhiteElo "2485"]
[BlackElo "2292"]
[Result "1-0"]
[Round "08"]
[TimeControl "180+1"]
[Date "2022.08.16"]
[WhiteClock "0:00:20"]
[BlackClock "0:00:08"]

1. Nf3 d5 2. b3 Bg4 3. e3 Nd7 4. Bb2 e6 5. h3 Bh5 6. d3 Ngf6 7. Nbd2 Bd6 8. c4 c6 9. Qc2 O-O 10. a3 a5 11. g4 Bg6 12. Nh4 e5 13. Nxg6 hxg6 14. Bg2 Qe7 15. cxd5 cxd5 16. g5 Ne8 17. Bxd5 Qxg5 18. Ne4 Qe7 19. Bxb7 Rb8 20. Bd5 Nef6 21. Bc4 Rfc8 22. Bc3 Nxe4 23. dxe4 Nb6 24. Bxa5 Nxc4 25. bxc4 Bxa3 26. O-O Bb4 27. Rfc1 Bxa5 28. Rxa5 Rc6 29. Rd5 Rbc8 30. c5 f6 31. Qc4 Kh7 32. Kg2 Qe6 33. Rc2 g5 34. Qe2 Kh6 35. Qg4 Qxg4+ 36. hxg4 R8c7 37. Kf3 Kg6 38. Ke2 Rb7 39. Rd6 Rbc7 40. Rxc6 Rxc6 41. Kd3 Kf7 42. Kc4 Ke6 43. Rd2 Ra6 44. Kb5 Ra1 45. c6 Rb1+ 46. Kc5 Rc1+ 47. Kb6 Rb1+ 48. Ka7 Rc1 49. Kb7 Rb1+ 50. Kc8 g6 51. c7 Ke7 52. f3 Rb3 53. Rd7+ Ke8 54. Rd1 Rxe3 55. Rd8+ Ke7 56. Rd7+ Ke6 57. Kd8 Rc3 58. c8=Q Rxc8+ 59. Kxc8 f5 60. Rd5 f4 61. Kc7 Kf6 62. Kd6 Kf7 63. Rxe5 Kg7 64. Rxg5 Kf6 65. Ra5 g5 66. Kd5 Kg6 67. Ra6+ Kf7 68. Ke5 Kg7 69. Kf5 Kf7 70. Kxg5 Ke7 71. Kxf4 Kf7 72. Ke3 Ke7 73. Kd4 Kd7 74. e5 Ke7 75. Rd6 Kf7 76. Kc5 1-0


[Site "https://www.chess.com"]

[Event "Titled Tuesday Blitz August 16 Late 2022"]
[White "Howell, David W L"]
[Black "Krzywda, Andrzej"]
[WhiteFideId "410608"]
[BlackFideId "1114565"]
[WhiteElo "2559"]
[BlackElo "2098"]
[Result "1-0"]
[Round "08"]
[TimeControl "180+1"]
[Date "2022.08.18"]
[WhiteClock "0:00:00"]
[BlackClock "0:00:00"]

1. d4 Nf6 2. g3 c5 3. dxc5 e6 4. Bg2 Na6 5. e4 e5 6. Nc3 h6 7. Nge2 Nxc5 8. O-O Ne6 9. Nd5 Bc5 10. b4 Bb6 11. Bb2 d6 12. Nxf6+ Qxf6 13. Nc3 O-O 14. Nd5 Qd8 15. Qd2 Ng5 16. h4 Ne6 17. Rad1 Re8 18. a3 Bd7 19. Nxb6 Qxb6 20. Qxd6 Ba4 21. Qxb6 axb6 22. Bxe5 Bxc2 23. Rd2 Bb3 24. Bb2 Rec8 25. Rc1 Rxc1+ 26. Bxc1 Rc8 27. Bb2 b5 28. f4 h5 29. Kf2 Nf8 30. e5 Ng6 31. Bxb7 Rb8 32. Be4 Ne7 33. f5 g6 34. f6 Nc8 35. Rd8+ Kh7 36. e6 Bxe6 37. Be5 Rb6 38. Bc7 Ra6 39. Bb7 Rxa3 40. Bxc8 Bxc8 41. Rxc8 Rc3 42. Ke2 Rc4 43. Kd3 Rc1 44. Kd4 Rc4+ 45. Kd5 Rxb4 46. Bf4 Rb3 47. Rf8 Rf3 48. Rxf7+ Kh8 49. Rb7 Kg8 50. Ke6 1-0


[Site "https://www.chess.com"]

[Event "Titled Tuesday Blitz August 16 Late 2022"]
[White "Ibarra Jerez, Jose Carlos"]
[Black "Andreikin, Dmitry"]
[WhiteFideId "2226332"]
[BlackFideId "4158814"]
[WhiteElo "2628"]
[BlackElo "2736"]
[Result "0-1"]
[Round "08"]
[TimeControl "180+1"]
[Date "2022.08.16"]
[WhiteClock "0:00:04"]
[BlackClock "0:00:58"]

1. Nf3 Nf6 2. g3 d5 3. Bg2 Nbd7 4. c4 dxc4 5. Na3 e5 6. Nxc4 e4 7. Ng5 Qe7 8. Qc2 Nc5 9. O-O h6 10. Nh3 Bf5 11. b4 Ne6 12. b5 Nd4 13. Qa4 Nxe2+ 14. Kh1 Qb4 15. Qxb4 Bxb4 16. Bb2 O-O-O 17. Rfe1 Nd4 18. Rac1 Nf3 19. Re2 Nxd2 20. Ne3 Bd7 21. Be5 Ne8 22. Nd5 Bxb5 23. Nxc7 Bxe2 24. Nxe8+ Nc4 25. Nxg7 Ba3 26. Rb1 Nxe5 0-1


[Site "https://www.chess.com"]

[Event "Titled Tuesday Blitz August 16 Late 2022"]
[White "Kambrath, Yannick"]
[Black "Boros, Denes"]
[WhiteFideId "20632525"]
[BlackFideId "722340"]
[WhiteElo "2236"]
[BlackElo "2464"]
[Result "0-1"]
[Round "08"]
[TimeControl "180+1"]
[Date "2022.08.16"]
[WhiteClock "0:00:12"]
[BlackClock "0:00:17"]

1. e4 g6 2. d4 d5 3. exd5 Qxd5 4. c4 Qd8 5. Nc3 Bg7 6. Be3 Nh6 7. Qd2 Nf5 8. O-O-O Nc6 9. Nf3 O-O 10. h4 Nxe3 11. fxe3 Bg4 12. Be2 a6 13. Ng5 Bxe2 14. Qxe2 e6 15. Kb1 b5 16. cxb5 axb5 17. Qxb5 Ne7 18. g4 Rb8 19. Qa4 Qd6 20. Nge4 Qb6 21. Qc2 Nc6 22. Nc5 Nb4 23. Qf2 Qc6 24. g5 e5 25. a3 exd4 26. exd4 Nd5 27. N3e4 Rb6 28. h5 Rfb8 29. Rd2 Nc3+ 30. Nxc3 Qxh1+ 31. Ka2 gxh5 32. Nd7 h4 33. Nxb8 Rxb8 34. Qf4 Qc6 35. Qxh4 Qc4+ 36. Ka1 c5 37. Qh2 Re8 38. Re2 Ra8 39. Qg2 Rxa3+ 40. bxa3 Qxc3+ 41. Ka2 Bxd4 42. Qd5 Qa1+ 43. Kb3 Qd1+ 44. Rc2 Qd3+ 45. Ka4 Qxc2+ 46. Kb5 Qd3+ 47. Kc6 Qa6+ 48. Kd7 Qxa3 49. Ke8 Qa4+ 50. Ke7 Qa7+ 51. Ke8 Qc7 52. Qc4 Qe5+ 53. Kd7 Qe6+ 54. Qxe6 fxe6 0-1


[Site "https://www.chess.com"]

[Event "Titled Tuesday Blitz August 16 Late 2022"]
[White "Kim, Sergey"]
[Black "Rosenberg, Evan S"]
[WhiteFideId "13700570"]
[BlackFideId "2019299"]
[WhiteElo "2295"]
[BlackElo "1999"]
[Result "1-0"]
[Round "08"]
[TimeControl "180+1"]
[Date "2022.08.18"]
[WhiteClock "0:00:00"]
[BlackClock "0:00:00"]

1. d4 Nf6 2. c4 e6 3. Nc3 Bb4 4. Qc2 d5 5. a3 Bxc3+ 6. Qxc3 O-O 7. Nf3 dxc4 8. Qxc4 b6 9. g3 Ba6 10. Qc2 c5 11. dxc5 bxc5 12. Qxc5 Nbd7 13. Qd4 Rc8 14. Bg2 Rc2 15. O-O Bxe2 16. Re1 Nc5 17. Be3 Nd3 18. Qxd8 Rxd8 19. Nd4 Nxe1 20. Rxe1 Rxd4 21. Bxd4 a6 22. b4 h5 23. h3 h4 24. g4 Nd5 25. Be4 Rd2 26. Bc5 Rd1 27. Rxd1 Bxd1 28. Bd3 Nf4 29. Bf1 Be2 30. Bxe2 Nxe2+ 31. Kg2 Nf4+ 32. Kh2 Nd3 33. Be3 f6 34. Kg2 e5 35. Kf3 Kf7 36. Ke4 Nb2 37. Kd5 Ke7 38. Kc6 Nc4 39. a4 Nb2 40. b5 axb5 41. axb5 Nc4 42. b6 Ke6 43. b7 Na5+ 44. Kb6 Nxb7 45. Kxb7 Kd5 46. Kc7 Ke4 47. Kd6 Kf3 48. g5 Kg2 49. g6 Kxh3 50. Ke6 Kg4 51. Kf7 h3 52. Kxg7 h2 53. Kf7 h1=Q 54. g7 Qh7 55. Kf8 Qxg7+ 56. Kxg7 f5 57. Kf6 f4 58. Kxe5 fxe3 59. fxe3 Kg5 60. e4 Kg6 61. Ke6 Kg7 62. Ke7 1-0


[Site "https://www.chess.com"]

[Event "Titled Tuesday Blitz August 16 Late 2022"]
[White "Kopczynski, Michal"]
[Black "Nazaretyan, Tigran"]
[WhiteFideId "1124200"]
[BlackFideId "24162345"]
[WhiteElo "2235"]
[BlackElo "2183"]
[Result "1-0"]
[Round "08"]
[TimeControl "180+1"]
[Date "2022.08.18"]
[WhiteClock "0:00:00"]
[BlackClock "0:00:00"]

1. e4 c5 2. d4 cxd4 3. c3 Nf6 4. Bd3 Nc6 5. f4 d5 6. e5 Ne4 7. Nf3 dxc3 8. Nxc3 Bf5 9. O-O Nxc3 10. bxc3 Bxd3 11. Qxd3 e6 12. f5 Bc5+ 13. Kh1 exf5 14. Qxf5 h6 15. Qg4 g5 16. e6 fxe6 17. Qxe6+ Qe7 18. Qxd5 Rd8 19. Qf5 Rf8 20. Qg6+ Kd7 21. Qxh6 g4 22. Bg5 Qe6 23. Rad1+ Bd6 24. Qxe6+ Kxe6 25. Bxd8 gxf3 26. Bh4 fxg2+ 27. Kxg2 Rg8+ 28. Bg3 Bxg3 29. hxg3 Rg5 30. Rfe1+ Kf6 31. Rd6+ Kf5 32. Rd5+ Kf6 33. Rf1+ Kg6 34. Rd6+ Kh7 35. Rf7+ Rg7 36. Rxg7+ Kxg7 37. Rd7+ Kf6 38. Rxb7 Ke5 39. g4 a6 40. g5 Kf5 41. g6 Nd8 42. g7 Nxb7 43. g8=Q Nd6 44. Qd5+ Kg4 45. Qxd6 a5 46. c4 a4 47. c5 a3 48. c6 Kf5 49. c7 Ke4 50. c8=Q 1-0


[Site "https://www.chess.com"]

[Event "Titled Tuesday Blitz August 16 Late 2022"]
[White "Kovacevic, Radmila"]
[Black "Novikova, Galina"]
[WhiteFideId "933171"]
[BlackFideId "4157095"]
[WhiteElo "2157"]
[BlackElo "1923"]
[Result "0-1"]
[Round "08"]
[TimeControl "180+1"]
[Date "2022.08.18"]
[WhiteClock "0:00:00"]
[BlackClock "0:00:00"]

1. d4 Nf6 2. g3 d5 3. Bg2 Bf5 4. c4 e6 5. a3 c6 6. c5 a5 7. Qb3 Qc8 8. Nc3 Nbd7 9. Na4 e5 10. e3 exd4 11. exd4 g6 12. Ne2 Bg7 13. O-O O-O 14. Bf4 Ne4 15. f3 Nef6 16. g4 Be6 17. Rae1 Re8 18. Ng3 Nf8 19. h3 Bd7 20. Nb6 Qd8 21. Rxe8 Bxe8 22. Nxa8 Qxa8 23. Re1 Ne6 24. Be5 Nd7 25. Bxg7 Kxg7 26. Rxe6 fxe6 27. f4 a4 28. Qe3 Bf7 29. f5 exf5 30. gxf5 Qe8 31. Qd2 Nf6 32. Kh2 Ne4 33. Bxe4 dxe4 34. Qe3 Bd5 35. h4 Qe7 36. Kh3 Qd7 37. h5 gxf5 38. Qg5+ Kh8 39. Nxf5 Be6 40. Qf6+ Kg8 41. Qg5+ Kf8 42. Qh6+ Ke8 43. Qf6 Bxf5+ 44. Kg3 Qe6 45. Qh8+ Kd7 46. Kf4 e3 47. Qg7+ Qe7 0-1


[Site "https://www.chess.com"]

[Event "Titled Tuesday Blitz August 16 Late 2022"]
[White "Kravtsiv, Martyn"]
[Black "Isajevsky, Anton"]
[WhiteFideId "14113147"]
[BlackFideId "4142500"]
[WhiteElo "2694"]
[BlackElo "2510"]
[Result "1-0"]
[Round "08"]
[TimeControl "180+1"]
[Date "2022.08.16"]
[WhiteClock "0:00:44"]
[BlackClock "0:00:05"]

1. e4 c5 2. Nf3 d6 3. Bb5+ Nd7 4. d4 cxd4 5. Qxd4 a6 6. Bxd7+ Bxd7 7. O-O e5 8. Qd3 Rc8 9. c4 b5 10. Na3 Qb6 11. Bd2 Nf6 12. Rfe1 Be7 13. cxb5 Bxb5 14. Nxb5 Qxb5 15. Qxb5+ axb5 16. a4 bxa4 17. Rxa4 O-O 18. Ra7 Rfe8 19. Bg5 Rb8 20. Re2 Rb4 21. Ne1 h6 22. Bxf6 Bxf6 23. Nd3 Rd4 24. Ra3 d5 25. f3 Rb8 26. Kf1 Be7 27. Rc3 f6 28. exd5 Rxd5 29. Rec2 Bf8 30. Ke2 Kf7 31. Rc7+ Kg6 32. R7c4 Rdb5 33. Rg4+ Kf5 34. Rc6 h5 35. Rgc4 1-0


[Site "https://www.chess.com"]

[Event "Titled Tuesday Blitz August 16 Late 2022"]
[White "Lagowski, Patryk"]
[Black "Kostiukov, Alexandr"]
[WhiteFideId "1114611"]
[BlackFideId "14108100"]
[WhiteElo "2274"]
[BlackElo "2202"]
[Result "0-1"]
[Round "08"]
[TimeControl "180+1"]
[Date "2022.08.18"]
[WhiteClock "0:00:00"]
[BlackClock "0:00:00"]

1. d4 g6 2. c4 Bg7 3. Nc3 d6 4. e4 e5 5. dxe5 dxe5 6. Qxd8+ Kxd8 7. f4 Nd7 8. Nf3 exf4 9. Bxf4 c6 10. O-O-O Bh6 11. Ng5 Ke7 12. h4 f6 13. Nh3 Ne5 14. Bxh6 Nxh6 15. Nf4 Nhg4 16. Rd2 Ne3 17. b3 Bg4 18. Be2 Rad8 19. Bxg4 Rxd2 20. Kxd2 N3xg4 21. Ke2 h5 22. Nd1 Kf7 23. Ne3 Nxe3 24. Kxe3 Ng4+ 25. Ke2 Re8 26. Kf3 Rxe4 27. Kxe4 Nf2+ 28. Kd4 Nxh1 29. Kc5 Ng3 30. Kd6 Nf5+ 31. Kc7 Nxh4 32. Kxb7 g5 33. Nxh5 Nxg2 34. Kxc6 Ke7 35. c5 f5 36. Kb7 Ne3 37. c6 Nd5 38. c7 Nxc7 39. Kxc7 f4 40. Kb7 a5 41. Kb6 Kf7 42. Kc5 Kg6 43. Nxf4+ gxf4 44. Kd4 Kf5 45. a3 Kg4 46. b4 axb4 47. axb4 f3 48. b5 f2 49. b6 f1=Q 50. Kc5 Qf3 51. Kd6 Qb7 52. Kc5 Kf4 53. Kb5 Ke5 54. Ka5 Kd5 55. Kb5 Kd6 56. Ka5 Kc5 0-1


[Site "https://www.chess.com"]

[Event "Titled Tuesday Blitz August 16 Late 2022"]
[White "Lehtosaari, Mauri"]
[Black "Alexikov, Alexander"]
[WhiteFideId "501999"]
[BlackFideId "14103958"]
[WhiteElo "2200"]
[BlackElo "2253"]
[Result "1-0"]
[Round "08"]
[TimeControl "180+1"]
[Date "2022.08.18"]
[WhiteClock "0:00:00"]
[BlackClock "0:00:00"]

1. Nf3 Nf6 2. d4 g6 3. Bg5 Bg7 4. Nbd2 d6 5. e3 h6 6. Bxf6 Bxf6 7. Bc4 Bg7 8. c3 e6 9. a4 Nc6 10. Qc2 b6 11. e4 Bb7 12. O-O Ne7 13. Ba2 O-O 14. Rfe1 a6 15. e5 Nf5 16. Ne4 Bxe4 17. Qxe4 d5 18. Qe2 c5 19. Bb1 Nh4 20. Nxh4 Qxh4 21. g3 Qe7 22. f4 Rfc8 23. Bd3 c4 24. Bc2 b5 25. axb5 axb5 26. g4 b4 27. f5 exf5 28. gxf5 Qg5+ 29. Kh1 b3 30. Rxa8 Rxa8 31. Bb1 Ra1 32. fxg6 fxg6 33. Qf3 Qd2 34. Qxd5+ Kh7 35. Bxg6+ Kxg6 36. Rxa1 1-0


[Site "https://www.chess.com"]

[Event "Titled Tuesday Blitz August 16 Late 2022"]
[White "Leitao, Rafael"]
[Black "Kashtanov, Ruslan"]
[WhiteFideId "2101246"]
[BlackFideId "4124871"]
[WhiteElo "2609"]
[BlackElo "2168"]
[Result "0-1"]
[Round "08"]
[TimeControl "180+1"]
[Date "2022.08.18"]
[WhiteClock "0:00:00"]
[BlackClock "0:00:00"]

1. c4 Nf6 2. Nc3 g6 3. g3 Bg7 4. Bg2 O-O 5. Nf3 d6 6. d4 c6 7. O-O Bf5 8. Ne1 e5 9. d5 cxd5 10. cxd5 Na6 11. e4 Bg4 12. f3 Bd7 13. Be3 b5 14. a3 Nc5 15. Nd3 Nxd3 16. Qxd3 Qb8 17. Rfc1 b4 18. axb4 Qxb4 19. Rc2 a5 20. Rac1 Rfc8 21. Bf1 h5 22. Kf2 h4 23. Nb5 Rxc2+ 24. Rxc2 hxg3+ 25. hxg3 Rb8 26. Bd2 Bxb5 27. Bxb4 Bxd3 28. Bxd6 Bxc2 29. Bxb8 Nd7 30. Bc7 a4 31. Bb5 Nc5 32. d6 Bf6 33. d7 Ne6 34. Bb6 Bd8 35. Ba7 Bb3 36. Ke3 Kf8 37. f4 exf4+ 38. gxf4 f5 39. exf5 gxf5 40. Kd2 Bc7 41. Kc3 Nxf4 42. Bb8 Nd5+ 43. Kd4 Bd8 44. Bd6+ Kf7 45. Bc6 Ne7 46. Bb7 Ke6 47. Ba3 Kxd7 48. Ke5 Bc7+ 49. Kf6 Nd5+ 50. Kxf5 Ne3+ 51. Ke4 Nc4 52. Kd4 Nxa3 0-1


[Site "https://www.chess.com"]

[Event "Titled Tuesday Blitz August 16 Late 2022"]
[White "Leiva, Gianmarco"]
[Black "Voege, Tobias"]
[WhiteFideId "3804399"]
[BlackFideId "1270513"]
[WhiteElo "2323"]
[BlackElo "2360"]
[Result "1-0"]
[Round "08"]
[TimeControl "180+1"]
[Date "2022.08.16"]
[WhiteClock "0:00:07"]
[BlackClock "0:00:17"]

1. e4 c5 2. Nf3 Nc6 3. Bb5 g6 4. O-O Bg7 5. Re1 Nf6 6. Nc3 O-O 7. e5 Ne8 8. d3 Nc7 9. Bxc6 dxc6 10. Ne4 b6 11. a4 a5 12. Bd2 Ne6 13. Qc1 Nd4 14. Nxd4 cxd4 15. Bh6 c5 16. Qf4 Qd5 17. Bxg7 Kxg7 18. b3 Bb7 19. h4 f5 20. exf6+ exf6 21. f3 Rae8 22. Qc7+ Rf7 23. Qxb6 Qh5 24. Nd6 Rxe1+ 25. Rxe1 Qxh4 26. Re2 Bxf3 27. gxf3 Qg3+ 28. Kf1 Qxf3+ 29. Ke1 Qg3+ 30. Kd1 Rd7 31. Ne8+ Kh6 32. Qxf6 Qg1+ 33. Re1 Qg4+ 34. Kc1 Qg5+ 35. Kb2 Qxf6 36. Nxf6 Rf7 37. Rh1+ Kg7 38. Ne4 Rf5 39. c3 h5 40. cxd4 cxd4 41. b4 axb4 42. Kb3 Kh6 43. Kxb4 g5 44. a5 h4 45. a6 Rf8 46. Kc5 Kh5 47. a7 g4 48. Kb6 Re8 49. Nf6+ 1-0


[Site "https://www.chess.com"]

[Event "Titled Tuesday Blitz August 16 Late 2022"]
[White "Levine, Joseph"]
[Black "Fier, Alexandr"]
[WhiteFideId "30940346"]
[BlackFideId "2107139"]
[WhiteElo "1810"]
[BlackElo "2598"]
[Result "0-1"]
[Round "08"]
[TimeControl "180+1"]
[Date "2022.08.16"]
[WhiteClock "0:00:01"]
[BlackClock "0:01:15"]

1. e4 Nf6 2. e5 Nd5 3. d4 d6 4. Nf3 g6 5. Bc4 Nb6 6. Bb3 Bg7 7. O-O O-O 8. Nc3 Bg4 9. Re1 dxe5 10. dxe5 Qxd1 11. Nxd1 Bxf3 12. gxf3 e6 13. Be3 Nc6 14. f4 Rfd8 15. Nc3 Ne7 16. Rad1 c6 17. Ne4 Nf5 18. Nc5 Rdb8 19. Nd7 Nxd7 20. Rxd7 Kf8 21. Red1 Ke8 22. Rc7 Bf8 23. Rdd7 Be7 24. Rxb7 Rd8 25. Rxd8+ Rxd8 26. Kf1 Nxe3+ 27. fxe3 Rd2 28. Rxa7 Bc5 29. Ra4 Bxe3 30. Re4 Bb6 31. Re2 Rd4 32. Rf2 Rd1+ 33. Ke2 Rg1 34. Rf1 Rg2+ 35. Kf3 Rxh2 36. a4 h5 37. Ra1 Rf2+ 38. Kg3 h4+ 39. Kg4 h3 40. Kxh3 Rxf4 41. a5 Ba7 42. Ba4 Kd7 43. c3 Kc7 44. Kg3 Re4 45. Rf1 Rxa4 46. Rxf7+ Kb8 47. b4 Ra3 48. Rf3 c5 49. Kf4 cxb4 50. cxb4 Ra4 51. Kg5 Rxb4 52. Rf6 Bd4 53. Rxe6 Rb5 54. a6 Bxe5 55. Kxg6 Bd4 56. Kf7 Ka7 57. Ke7 Bb6 58. Kd7 Kxa6 59. Kc6 Rc5+ 60. Kd6 Rc1 61. Re4 Kb5 62. Ke6 Kc6 63. Re2 Rc4 64. Ke5 Bc7+ 65. Ke6 Bd6 66. Re1 Bc5 67. Re2 Ra4 68. Re1 Ra8 69. Kf5 Kd5 70. Rd1+ Bd4 71. Kg4 Rf8 72. Re1 Rf7 73. Re2 Be5 74. Re1 Bc3 75. Re2 Kd4 76. Re6 Bd2 77. Re8 Rf4+ 0-1


[Site "https://www.chess.com"]

[Event "Titled Tuesday Blitz August 16 Late 2022"]
[White "Lopez Perdomo, Juan David"]
[Black "Winkels, Marcel"]
[WhiteFideId "4405137"]
[BlackFideId "1003887"]
[WhiteElo "1965"]
[BlackElo "1900"]
[Result "1-0"]
[Round "08"]
[TimeControl "180+1"]
[Date "2022.08.18"]
[WhiteClock "0:00:00"]
[BlackClock "0:00:00"]

1. e4 c5 2. d4 cxd4 3. c3 d5 4. exd5 Qxd5 5. Nf3 Nc6 6. cxd4 e6 7. Be2 Nf6 8. Nc3 Qd8 9. O-O Be7 10. Bf4 Nd5 11. Bd2 Nxc3 12. bxc3 O-O 13. Bd3 b6 14. Qc2 g6 15. Rfe1 Bb7 16. Ne5 Rc8 17. Nxg6 Nxd4 18. Nxe7+ Qxe7 19. Bxh7+ Kh8 20. Qd3 Nc6 21. Qh3 f5 22. Bxf5+ Kg8 23. Bg5 Qg7 24. Bxe6+ Rf7 25. Bxc8 Qxg5 26. Bxb7 Ne5 27. Bd5 Kg7 28. Bxf7 Nxf7 29. Qg3 Qxg3 30. hxg3 Kf6 31. Re3 Ne5 32. Rxe5 Kxe5 33. Rd1 Ke4 34. g4 Ke5 35. g3 Kf6 36. f4 Kg6 37. Rd6+ Kf7 38. g5 Ke7 39. Rd4 Kf7 40. g4 Kg7 41. f5 Kf7 42. Kf2 Ke8 43. Ra4 a5 44. c4 Ke7 45. Ra3 Kd6 46. Ke3 Ke7 47. Rb3 Kf7 48. Rxb6 Ke7 49. Rb5 Kf7 50. Kd3 a4 51. Kc3 a3 52. Kb4 Ke7 53. Kxa3 Kd6 54. Kb4 Kc6 55. Re5 Kd6 56. Re6+ Kd7 57. Kc5 Kd8 58. a4 Kc7 59. a5 Kd7 60. a6 Kc7 61. a7 Kb7 62. Re7+ Ka8 63. Re8+ Kxa7 64. g6 Kb7 65. g7 Kc7 66. g8=Q Kd7 67. Qf7# 1-0


[Site "https://www.chess.com"]

[Event "Titled Tuesday Blitz August 16 Late 2022"]
[White "Maltsevskaya, Aleksandra"]
[Black "Gheorghiu, Calin"]
[WhiteFideId "24174041"]
[BlackFideId "1200305"]
[WhiteElo "2243"]
[BlackElo "2168"]
[Result "1-0"]
[Round "08"]
[TimeControl "180+1"]
[Date "2022.08.16"]
[WhiteClock "0:02:44"]
[BlackClock "0:01:07"]

1. e4 c5 2. Nf3 d6 3. d4 cxd4 4. Nxd4 Nf6 5. Nc3 a6 6. g3 e5 7. Nb3 h6 8. Bg2 b5 9. O-O Bb7 10. a4 b4 11. Nd5 Nxd5 12. exd5 a5 13. Bd2 Be7 14. c3 bxc3 15. Bxc3 O-O 16. Qd2 Bg5 17. f4 Qb6+ 18. Kh1 exf4 19. gxf4 Qxb3 20. fxg5 Nd7 21. gxh6 g6 22. h7+ Kxh7 23. Rf3 Ne5 24. Rh3+ Kg7 25. Bxe5+ dxe5 26. Rxb3 1-0


[Site "https://www.chess.com"]